AoeStats
← кислород

Arabia

509351313Analyzed
1v1 RM · 5d ago on Sep 26, 2026· 35m 50s· 2 players
Game mode
Random Map
Map size
Tiny (2 player)
Population
200
Speed
Normal
Resources
Standard
Victory
Conquest
Starting age
Dark Age
Ending age
Imperial Age
RankedLock teamsTeams togetherTeam positionsShared explorationLock speedFull tech treeHidden civsTurbo modeCheats
Victory
Defeat
🇨🇦 Khitans · Canada
2096
+13
🇫🇷 Mongols · France
2030
-13
Riut
3:21 Loom
9:10 Feudal Age
9:53 Double-Bit Axe
14:52 Arson
15:51 Forging
17:46 Scale Mail Armor
18:52 Horse Collar
23:49 Castle Age
22:57 Fletching
23:18 Bloodlines
23:00 Gold Mining
24:35 Bodkin Arrow
24:41 Husbandry
25:08 Padded Archer Armor
29:05 Wheelbarrow
29:23 Ballistics
29:49 Town Watch
кислород
7:30 Loom
9:28 Feudal Age
10:12 Double-Bit Axe
14:06 Forging
16:09 Domestication
19:01 Scale Mail Armor
22:50 Castle Age
22:25 Scale Barding Armor
22:58 Fletching
24:11 Iron Casting
23:40 Husbandry
23:42 Gold Mining
24:25 Bow Saw
24:52 Town Watch
26:10 Chain Barding Armor
27:07 Wheelbarrow
26:39 Light Cavalry
26:56 Elite Skirmisher
28:14 Bodkin Arrow
35:19 Padded Archer Armor
38:51 Imperial Age
Connection lost

Rejoining the realm…

Still unreachable

The connection could not be restored.

Session expired

The server has moved on; the page needs a fresh start.